 Dungeon Crawl Stone Soup version 0.21.0-24-g2553a33 (webtiles) character file.

22 Monsterracer the Skirmisher (level 2, -4/27 HPs)
             Began as a Hill Orc Fighter on Jan 21, 2018.
             Slain by Natasha (7 damage)
             ... on level 2 of the Dungeon.
             The game lasted 00:00:32 (366 turns).

Monsterracer the Skirmisher (Hill Orc Fighter)       Turns: 366, Time: 00:00:32

Health: -4/27      AC:  6    Str: 18    XL:     2   Next: 91%
Magic:  2/2        EV:  7    Int:  8    God:
Gold:   39         SH:  9    Dex: 10    Spells: 1/1 levels left

rFire    . . .     SeeInvis .   a - +0 war axe
rCold    . . .     Gourm    .   f - +0 shield
rNeg     . . .     Faith    .   b - +0 scale mail
rPois    .         Spirit   .   (no helmet)
rElec    .         Reflect  .   (no cloak)
rCorr    .         Harm     .   (no gloves)
MR       .....                  (no boots)
Stlth    ..........             (no amulet)
HPRegen  0.09/turn              (no ring)
MPRegen  0.08/turn              (no ring)

@: no status effects
A: no striking features
a: no special abilities


You were on level 2 of the Dungeon.
You were not hungry.

You visited 1 branch of the dungeon, and saw 2 of its levels.

You collected 39 gold pieces.

Inventory:

Hand Weapons
 a - a +0 war axe (weapon)
Armour
 b - a +0 scale mail (worn)
 f - a +0 shield (worn)
Scrolls
 e - a scroll of immolation {unknown}
 g - a scroll of teleportation {unknown}
 h - a scroll of identify {unknown}
Potions
 d - a potion of might
Comestibles
 c - 3 rations


   Skills:
 + Level 3.9 Fighting
 * Level 3.5 Axes
 + Level 3.5 Armour
 + Level 3.5 Shields


You had one spell level left.
You didn't know any spells.

Dungeon Overview and Level Annotations

Branches:
Dungeon (2/15)

Altars:

Annotations:
D:2 Natasha


Message History

Your shield and scale mail prevent you from hitting the giant cockroach.
The giant cockroach is moderately wounded.
You block the giant cockroach's attack. The giant cockroach bites you.
You take 1 damage, and have 25/27 hp.
Your shield and scale mail prevent you from hitting the giant cockroach.
The giant cockroach is moderately wounded.
The giant cockroach bites you but does no damage.
You block the giant cockroach's attack.
You hit the giant cockroach.
The giant cockroach is almost dead.
The giant cockroach waves its antennae.
The giant cockroach bites you.
You hit the giant cockroach but do no damage.
The giant cockroach is almost dead.
The giant cockroach barely misses you. You block the giant cockroach's attack.
You closely miss the giant cockroach.
The giant cockroach is almost dead.
You block the giant cockroach's attack. The giant cockroach barely misses you.
You slash the giant cockroach!
You kill the giant cockroach!
You take 1 damage, and have 24/27 hp.
No target in view!
No target in view!
No target in view!
No target in view!
No target in view!
HP restored.
Things that are here:
a club; a hobgoblin corpse; Health restored: 27
h - a scroll labeled WOGUOBBIASI
Found a stone staircase leading up.
Found a stone staircase leading up.
You now have 39 gold pieces (gained 19).
Found 13 stones.
No target in view!
c - 2 rations (gained 1)
c - 3 rations (gained 1)
Found a dagger.
A bat comes into view.
A bat is nearby!
You hit the bat.
You kill the bat!
No target in view!
No target in view!
Natasha, Servant of Life and Death comes into view.
Natasha hisses angrily.
Natasha mumbles some strange words.
Natasha is nearby!
A hobgoblin comes into view. It is wielding a club.
The hobgoblin shouts!
You hear a shout!
Found a stone staircase leading down.
You block the hobgoblin's attack.
The crimson imp shouts, "Fly, thou droning nose-picking lewdster!"
The crimson imp blinks!
You hit the hobgoblin.
The hobgoblin is severely wounded.
Natasha wildly gestures.
Natasha's front paws start to glow.
You block the hobgoblin's attack.
Natasha drinks a potion.
Natasha seems to grow stronger.
You closely miss the hobgoblin.
The hobgoblin is severely wounded.
You block the hobgoblin's attack. Natasha closely misses you.
A kobold comes into view.
You closely miss Natasha. You hit the hobgoblin.
You kill the hobgoblin!
Natasha claws you.
You take 1 damage, and have 26/27 hp.
You slash Natasha!
Natasha is heavily wounded.
You slash the kobold!
You kill the kobold!
Natasha wildly gestures.
You feel disoriented. You block Natasha's attack. Natasha barely misses you.
The crimson imp lashes its tail.
You barely miss Natasha.
Natasha is heavily wounded.
Natasha closely misses you.
You closely miss Natasha.
Natasha is heavily wounded.
Natasha claws you!
You take 10 damage, and have 16/27 hp.
MASSIVE DAMAGE!!
You closely miss Natasha.
Natasha is heavily wounded.
Natasha claws you.
* * * LOW HITPOINT WARNING * * *
Natasha claws you!
* * * LOW HITPOINT WARNING * * *
You take 13 damage, and have 3/27 hp.
MASSIVE DAMAGE!!
You barely miss Natasha.
Natasha is heavily wounded.
You slash the crimson imp! You block the crimson imp's attack.
You block Natasha's attack.
You closely miss Natasha.
Natasha is heavily wounded.
Your shield and scale mail prevent you from hitting the crimson imp.
The crimson imp hits you but does no damage.
Natasha claws you!
You die...

#............
#...........
#..........
###........
#......#..
#......#.###
#......#...##
#.........5)##...
#......##@h......
#......##)†......
###.#####.##.#...
#.# #.# # .. #.#
#.# ##.# #.# #..#
#># #.## #.# #.#


You could see Natasha and a crimson imp.

Vanquished Creatures
  An ooze (D:1)
  A dart slug (D:1)
  A bat (D:2)
  2 giant cockroaches (D:2)
  A goblin (D:1)
  2 hobgoblins (D:2)
  2 kobolds
  A quokka (D:2)
  A ball python (D:1)
  2 rats
14 creatures vanquished.

Notes
Turn   | Place    | Note
-------+----------+-------------------------------------------
     0 | D:1      | Monsterracer the Hill Orc Fighter began the quest for the Orb.
     0 | D:1      | Reached XP level 1. HP: 19/19 MP: 1/1
    61 | D:1      | Reached XP level 2. HP: 27/27 MP: 2/2
   201 | D:1      | You fall through a shaft!
   355 | D:2      | Noticed Natasha
   357 | D:2      | Noticed a crimson imp
   364 | D:2      | HP: 10/27 [Natasha (6)]
   364 | D:2      | HP: 3/27 [Natasha (7)]
   366 | D:2      | Slain by Natasha

Skill      XL: |  1 |
---------------+----+-----
Axes           | 3 |  3.5
Fighting       | |  3.9
Armour         | |  3.5
Shields        | |  3.5

Action                   || total
-------------------------++-------
Melee: War axe           ||    51
Armor: Scale mail        ||    28
Dodge: Dodged            ||    21
Block: Shield            ||    23

Vault maps used:
D:1:      mrwooster_arrival_statue_3, minmay_misc_feat_cross
D:2:      lemuel_coloured_pillars_altar, uniq_natasha, uniq_sigmund
